 Dungeon Crawl Stone Soup version 0.25.0-15-gac7dcb8919 (console) character file.

Game seed: 3256849969508589187

140 bli the Insei (level 5, 0/40 HPs)
             Began as a Draconian Transmuter on June 28, 2020.
             Slain by Grinder (9 damage)
             ... on level 3 of the Dungeon.
             The game lasted 00:07:58 (2365 turns).

bli the Insei (Draconian Transmuter)                Turns: 2365, Time: 00:07:59

Health: 0/40       AC:  5    Str: 12    XL:     5   Next: 2%
Magic:  6/8        EV: 12    Int: 14    God:
Gold:   93         SH:  0    Dex: 12    Spells: 2/8 levels left

rFire    + . .     SeeInvis .     - Unarmed
rCold    + . .     Gourm    .   (no shield)
rNeg     . . .     Faith    .   (armour unavailable)
rPois    +         Spirit   .   (helmet restricted)
rElec    +         Reflect  .   (no cloak)
rCorr    +         Harm     .   (no gloves)
MR       .....                  (boots currently unavailable)
Stlth    +.........             e - amulet of regeneration
HPRegen  0.53/turn              i - ring of poison resistance
MPRegen  0.11/turn              (no ring)

@: appendage (expiring), resistant, flying
A: unfitting armour, talons 3, cold-blooded, AC +5
a: End Transformation


You were on level 3 of the Dungeon.
You were not hungry.
You had grown temporary talons.
You visited 1 branch of the dungeon, and saw 3 of its levels.

You collected 93 gold pieces.

Inventory:

Missiles
 a - 33 arrows
 d - 28 stones
 n - 7 javelins (quivered)
Jewellery
 e - an amulet of regeneration (around neck)
 i - a ring of poison resistance (left hand)
Scrolls
 b - 3 scrolls of remove curse {unknown}
 g - a scroll of identify {unknown}
 h - a scroll of magic mapping {unknown}
 m - a scroll of teleportation {unknown}
Potions
 f - a potion of resistance
 j - a potion of flight
 k - a potion of heal wounds {unknown}
 l - a potion of lignification {unknown}
Comestibles
 c - 2 rations
 o - 9 chunks of flesh


   Skills:
 + Level 1.1 Fighting
 + Level 2.1 Dodging
 + Level 5.5 Unarmed Combat
 * Level 2.1 Spellcasting
 + Level 2.0 Transmutations


You had 2 spell levels left.
You knew the following spells:

 Your Spells              Type           Power        Failure   Level  Hunger
a - Beastly Appendage     Tmut           #.....       11%         1    #......
b - Sticks to Snakes      Tmut           #.......     16%         2    ###....
S - Spider Form           Tmut/Pois      #.........   43%         3    ###....

Your spell library contained the following spells:

 Spells                   Type           Power        Failure   Level  Hunger
 Ice Form                 Ice/Tmut       #.......     83%         4    #####..
 Blade Hands              Tmut           #.........   96%         5    ######.


Dungeon Overview and Level Annotations

Branches:
Dungeon (3/15)

Altars:

Annotations:
D:3 Grinder


Innate Abilities, Weirdness & Mutations

Your plain brown scales are hard. (AC +5)
You cannot fit into any form of body armour.
You are cold-blooded and may be slowed by cold attacks.
You have claws for feet.


Message History

Your ball python constricts Grinder.
Grinder gestures at you. Pain shoots through your body!
* * * LOW HITPOINT WARNING * * *
It was a potion of flight.
You feel very buoyant.
You fly up into the air.
Your ball python bites Grinder but does no damage.
Your ball python constricts Grinder.
Grinder gestures at your ball python.
Your ball python suddenly stops moving!
Your ball python loses its grip on Grinder.
It was a potion of resistance.
You feel protected.
Grinder says, "There's only one good use for a tongue: cutting it out."
Grinder barely misses you.
You hit Grinder. You claw Grinder.
Grinder is severely wounded.
Grinder hits you!
You die...

#############
#...........#
#.#########.#
##### #.#
#÷###......
#.#
#..@5S.....
#.#
#####.####.
#.######## ..
##÷)......#
...
#..........
...
#.#######.#
.. #.# . #.#
#.# #.# #.#


You could see Grinder and a friendly ball python (paralysed).

Vanquished Creatures
  A worker ant (D:2)
  4 gnolls (D:3)
  2 adders (D:3)
  2 dart slugs
  2 leopard geckos (D:3)
  3 orcs (D:3)
  2 ball pythons (D:3)
  2 giant cockroaches
  6 goblins
  5 hobgoblins (D:2)
  4 jackals (D:3)
  2 quokkas
  5 bats
  2 frilled lizards
  8 kobolds
  6 rats
56 creatures vanquished.

Notes
Turn   | Place    | Note
-------+----------+-------------------------------------------
     0 | D:1      | bli the Draconian Transmuter began the quest for the Orb.
     0 | D:1      | Reached XP level 1. HP: 16/16 MP: 3/3
   956 | D:2      | Reached XP level 2. HP: 19/23 MP: 5/5
   963 | D:2      | Learned a level 2 spell: Sticks to Snakes
  1244 | D:2      | Reached skill level 4 in Unarmed Combat
  1415 | D:2      | Reached XP level 3. HP: 26/28 MP: 4/6
  1830 | D:3      | Reached XP level 4. HP: 35/35 MP: 5/7
  1840 | D:3      | Reached skill level 5 in Unarmed Combat
  1855 | D:3      | Noticed Grinder
  2312 | D:3      | Reached XP level 5. HP: 40/40 MP: 8/8
  2330 | D:3      | Learned a level 3 spell: Spider Form
  2350 | D:3      | Paralysed by Grinder for 5 turns
  2365 | D:3      | Slain by Grinder

Illustrated notes

Levels and vault maps discovered:
D:1:      beargit_arrival_greenhouse, layout_loops_corners,
          minmay_strange_pillars, minmay_misc_feat_four_crosses
D:2:      layout_loops_corners, hangedman_decor_clover_reticule,
          minmay_door_square
D:3:      layout_loops_ring, uniq_grinder

Skill      XL: |  1  2  3  4 |
---------------+-------------+-----
Unarmed Combat | 4 5 |  5.5
Dodging        | 2 |  2.1
Fighting       | |  1.1
Spellcasting   | |  2.1
Transmutations | |  2.0

Action                   |  1- 3 |  4- 6 || total
-------------------------+-------+-------++-------
Melee: Unarmed           |   109 |    94 ||   203
       Tailslap          |    11 |     4 ||    15
       Kick              |     4 |    11 ||    15
       Punch             |     1 |       ||     1
       Headbutt          |       |     2 ||     2
Throw: Javelin           |     2 |     8 ||    10
       Stone             |     2 |       ||     2
 Cast: Beastly Appendage |     2 |     8 ||    10
       Sticks to Snakes  |       |     4 ||     4
  Use: Potion            |       |     2 ||     2
 Stab: Sleeping          |     4 |     1 ||     5
  Eat: Chunk             |     3 |     2 ||     5
Armor: Skin              |    36 |    24 ||    60
Dodge: Dodged            |    61 |    55 ||   116
